 Dungeon Crawl Stone Soup version 0.29.0-5-ge4962eb29e (webtiles) character file.

Game seed: 981091327847653761

56715 iguanaiguana the Grappler (level 14, -16/149 HPs)
             Began as a Troll Cinder Acolyte on Aug 29, 2022.
             Was a Follower of Okawaru.
             Killed from afar by a thorn hunter (31 damage)
             ... with a volley of thorns
             ... on level 1 of the Swamp on Aug 30, 2022.
             The game lasted 02:06:12 (8537 turns).

iguanaiguana the Grappler (Troll Cinder Acolyte)    Turns: 8537, Time: 02:06:12

Health: -16/149    AC: 17    Str: 31    XL:     14   Next: 43%
Magic:  11/14      EV:  9    Int: 13    God:    Okawaru [*.....]
Gold:   351        SH:  0    Dex:  5    Spells: 10/15 levels left

rFire   . . .      SeeInvis .     - Unarmed
rCold   . . .      Faith    .   (no shield)
rNeg    . . .      Spirit   .   E - +1 troll leather armour
rPois   .          Reflect  .   p - +2 hat {Int+3}
rElec   .          Harm     .   c - +2 cloak {Stlth+}
rCorr   +          Rampage  .   (gloves unavailable)
Will    ++...                   (boots unavailable)
Stlth   +++.......              S - amulet "Nadwix Kuqa" {Regen+ Stlth+}
HPRegen 2.74/turn               x - ring of Datel {Will+ AC+4 Str+2}
MPRegen 0.14/turn               y - ring of resist corrosion

@: fire susceptible
A: large, unfitting armour, claws 3, regeneration 1, shaggy fur 1, tough skin 1,
screaming 1
a: Renounce Religion, Heroism


You were on level 1 of the Swamp.
You worshipped Okawaru.
Okawaru was aware of your devotion.
You visited 5 branches of the dungeon, and saw 21 of its levels.
You also visited: Ossuary, Gauntlet and Ice Cave.

You collected 1213 gold pieces.
You spent 862 gold pieces at shops.

Inventory:

Hand Weapons
 C - a +0 dagger of distortion
 F - a +0 giant spiked club
 G - the +5 halberd of Xeaxt {vorpal, rF++}
   (You found it on level 11 of the Dungeon)

   It inflicts extra damage upon your enemies.
   rF:        It greatly protects you from fire.
Missiles
 b - 8 boomerangs (quivered)
 D - 7 large rocks
 H - 18 poisoned darts
 I - 6 curare-tipped darts
 N - 4 silver javelins
Armour
 c - a +2 cloak of stealth (worn)
 p - a +2 hat of intelligence (worn)
 u - a +0 robe of willpower
 E - a +1 troll leather armour (worn)
 O - +1 ice dragon scales
Magical Staves
 T - a staff of air
Jewellery
 a - the ring "Ogymoq" {EV+4 Str+3}
   (You found it in a Gauntlet)

   [ring of evasion]

   EV:        It affects your evasion (+4).
   Str:       It affects your strength (+3).
 x - the ring of Datel (left claw) {Will+ AC+4 Str+2}
   (You acquired it on level 2 of the Orcish Mines)

   [ring of protection]

   AC:        It affects your AC (+4).
   Str:       It affects your strength (+2).
   Will:      It increases your willpower.
 y - a ring of resist corrosion (right claw)
 B - a ring of fire
 S - the amulet "Nadwix Kuqa" (around neck) {Regen+ Stlth+}
   (You found it on level 2 of the Lair of Beasts)

   [amulet of regeneration]

   Regen:     It increases your rate of health regeneration.
   Stlth:     It makes you more stealthy.
Wands
 q - a wand of charming (7)
 R - a wand of iceblast (5) {@v2}
 X - a wand of flame (3)
Scrolls
 e - 5 scrolls of fear
 j - 4 scrolls of teleportation {@r3}
 k - 2 scrolls of immolation
 m - 3 scrolls of butterflies
 n - a scroll of vulnerability
 r - 2 scrolls of blinking {@r4}
 s - a scroll of brand weapon {unknown}
 t - 2 scrolls of poison
 z - 2 scrolls of enchant armour
 K - a scroll of amnesia {unknown}
 L - a scroll of silence {unknown}
 U - a scroll of identify {@r1}
 V - a scroll of torment {unknown}
Potions
 d - 3 potions of lignification
 f - 3 potions of haste {@q4}
 g - 3 potions of magic
 h - 3 potions of brilliance
 i - 3 potions of heal wounds {@q2}
 l - a potion of might {@q3}
 o - 2 potions of cancellation
 w - a potion of attraction
 A - 3 potions of mutation {unknown}
 J - a potion of berserk rage {unknown}
 M - 2 potions of curing {@q1}
 W - a potion of flight {unknown}
Miscellaneous
 v - a condenser vane (inert)
 P - a phantom mirror
 Q - a phial of floods


   Skills:
 - Level 12.0 Fighting
 - Level 10.0 Throwing
 - Level 6.0 Armour
 - Level 4.0 Dodging
 - Level 1.0 Stealth
 + Level 14.3 Unarmed Combat
 - Level 1.0 Spellcasting
 - Level 3.0 Translocations
 - Level 1.0 Transmutations
 - Level 2.1 Fire Magic
 - Level 2.0 Earth Magic
 - Level 6.0 Evocations


You had 10 spell levels left.
You knew the following spells:

 Your Spells              Type           Power      Damage    Failure   Level
a - Apportation           Tloc           16%        N/A       9%          1
b - Passwall              Tmut/Erth      3%         N/A       26%         2
c - Scorch                Fire           12%        2d5       19%         2

Your spell library contained the following spells:

 Spells                   Type           Power      Damage    Failure   Level
 Sandblast                Erth           10%        2d5       14%         1
 Necrotise                Necr           0%         1d4       30%         1
 Stone Arrow              Conj/Erth      6%         3d7       52%         3
 Summon Small Mammal      Summ           Unusable   N/A       N/A         1

Dungeon Overview and Level Annotations

Branches:
Dungeon (12/15) Zot: 25913  Temple (0/1) D:7            Lair (5/5) D:9 Zot: 25979
  Swamp (1/4) Lair:2 Zot: 5909  Spider (0/4) Lair:2        Slime (1/5) Lair:5 Zot: 5998
    Orc (2/2) D:10 Zot: 9619 Ossuary (visited)           IceCv (visited)
Gauntlet (visited)
    Elf: Orc:2

Altars:
Dithmenos
Elyvilon
Gozag
Kikubaaqudgha
Okawaru
Ru

Shops:
D:3 (   Orc:2 *=(?

Annotations:
D:8 4 exclusions
Lair:5 1 exclusion


Innate Abilities, Weirdness & Mutations

You are too large for most types of armour.
You have claws for hands.
Your natural rate of healing is unusually fast.
You are covered in fur. (AC +1)
You have tough skin. (AC +1)
You occasionally shout uncontrollably at your foes.


Message History

The volley of thorns hits you!
You scratch the thorn hunter but do no damage.
You claw the thorn hunter.
The thorn hunter is lightly damaged.
You claw the thorn hunter!
The thorn hunter is moderately damaged.
You scratch the thorn hunter.
The thorn hunter is moderately damaged.
You mangle the thorn hunter!!
The thorn hunter is severely damaged.
The thorn hunter hits you! The thorn hunter hits you.
The six-headed hydra bites you! x4
You mangle the thorn hunter!!
The thorn hunter is almost destroyed.
The thorn hunter fires a volley of thorns at you.
The volley of thorns hits you! The six-headed hydra bites you. x3
You scratch the thorn hunter but do no damage.
The thorn hunter is almost destroyed.
The thorn hunter hits you!
* * * LOW HITPOINT WARNING * * *
The thorn hunter hits you.
* * * LOW HITPOINT WARNING * * *
You scratch the thorn hunter.
The thorn hunter is almost destroyed.
The six-headed hydra bites you!
* * * LOW HITPOINT WARNING * * *
The six-headed hydra bites you!
* * * LOW HITPOINT WARNING * * *
The six-headed hydra bites you.
* * * LOW HITPOINT WARNING * * *
The thorn hunter hits you!
* * * LOW HITPOINT WARNING * * *
The thorn hunter hits you!
* * * LOW HITPOINT WARNING * * *
Blink to where?
Press: ? - help, Dir - move target, p - thorn hunter
As you read the scroll of blinking {@r4}, it crumbles to dust.
The thorn hunter fires a volley of thorns at you.
The volley of thorns hits you!!
You die...

......♣~>~.~~..~♣
..~~~~.~~.~~~~..♣
.~~~~~..♣.~~~..~♣
...~~~).♣♣.~~..♣
..~~~§..§f.~~~.♣
§.~~...w~~~~~~.♣♣
~.~~...~.~D~~~.~♣
~...♣...♣.~.....♣
........~.@~....♣
~~~...~~.....~~.♣
~~~~~~~~~~~..~~.♣
..~~~~§~.~~....♣♣♣♣♣
~....~~~~..†~....~~♣
..~~.~~~~..♣†~~~~~.♣
~~~.~.......†~~~.♣♣
~>.~~.......§~§..♣
♣~~~~~~~~§~...~~♣♣


You could see a thorn hunter, a six-headed hydra and a tyrant leech.

Vanquished Creatures
  An orc warlord (Orc:2)
  A minotaur (Gauntlet)
  2 boulder beetles
  7 hydras
  A centaur warrior (D:11)
  6 two-headed ogres
  5 orc high priests (Orc:2)
  A soul eater (Gauntlet)
  Sonja (Lair:3)
  A goliath frog (Swamp:1)
  4 orc knights (Orc:2)
  A manticore (Lair:5)
  An ugly thing (IceCv)
  3 orc sorcerers
  2 cyclopes
  Maurice (Orc:2)
  9 elephants
  A torpor snail (Lair:5)
  7 cane toads
  An unseen horror (D:11)
  8 komodo dragons
  Joseph (D:10)
  Maggie (D:7)
  2 rime drakes (Orc:1)
  Psyche (D:11)
  A tyrant leech (Swamp:1)
  A polar bear (Lair:5)
  2 hornets (D:10)
  4 trolls
  A wolf spider simulacrum (Gauntlet)
  17 blink frogs
  13 dream sheep
  Sigmund (D:4)
  5 centaur simulacra (Gauntlet)
  3 wyverns
  A vampire (D:10)
  3 basilisks
  40 yaks
  2 fire elementals (Lair:2)
  Grum (D:9)
  2 steam dragons
  A death yak simulacrum (IceCv)
  A harpy simulacrum (Gauntlet)
  3 wargs
  2 swamp worms (Swamp:1)
  9 water moccasins
  A hydra simulacrum (IceCv)
  2 ice beasts
  37 orc warriors
  A black bear (D:7)
  An ice dragon simulacrum (Gauntlet)
  9 ogres
  17 wolves
  A phantom (D:4)
  3 centaurs
  2 kobold brigands (D:9)
  3 elf zombies (D:4)
  4 bullfrogs
  2 scorpions
  A necrophage (D:5)
  7 wights (D:8)
  2 elephant simulacra (IceCv)
  5 killer bees (D:11)
  9 howler monkeys
  An electric eel (Lair:2)
  2 centaur zombies (Ossuary)
  A wyvern simulacrum (Gauntlet)
  3 hounds
  2 human zombies (D:4)
  Crazy Yiuf (D:2)
  A human skeleton (D:4)
  3 jellies
  24 orc priests
  16 orc wizards
  4 hell rats
  A polar bear simulacrum (IceCv)
  A wolf simulacrum (IceCv)
  4 mummies (Ossuary)
  6 gnolls
  3 adders
  7 shadow imps
  2 white imps
  2 ufetubi (D:6)
  78 orcs
  A ball python (D:4)
  An endoplasm (D:3)
  2 gnoll zombies (Ossuary)
  A goblin (D:2)
  A hobgoblin (D:4)
  8 kobolds (D:9)
  A goblin zombie (Ossuary)
  2 kobold zombies (Ossuary)
  An orc zombie (Ossuary)
469 creatures vanquished.

Vanquished Creatures (collateral kills)
  An orc knight (Orc:2)
  An orc sorcerer (Orc:2)
  6 orcs (Orc:2)
8 creatures vanquished.

Vanquished Creatures (others)
  A two-headed ogre (Orc:2)
  An unseen horror (D:10)
  A vampire (D:11)
  An ogre (Orc:2)
  A demonic plant (D:6)
  25 foxfires
  19 fungi
  47 plants
  14 withered plants (Gauntlet)
110 creatures vanquished.

Grand Total: 587 creatures vanquished

Notes
Turn   | Place    | Note
-------+----------+-------------------------------------------
     0 | D:1      | iguanaiguana the Troll Cinder Acolyte began the quest for
                  | the Orb.
     0 | D:1      | Reached XP level 1. HP: 22/22 MP: 1/1
    51 | D:2      | Found a runed translucent door.
    52 | D:2      | Noticed Crazy Yiuf
    63 | D:2      | Killed Crazy Yiuf
    64 | D:2      | Reached skill level 4 in Unarmed Combat
    64 | D:2      | Reached XP level 2. HP: 8/29 MP: 2/2
    64 | D:2      | Reached XP level 3. HP: 10/36 MP: 3/3
   197 | D:3      | Found Jovuqon's Antique Weapon Boutique.
   298 | D:4      | Found a sacrificial altar of Ru.
   394 | D:4      | Found a sand-covered staircase.
   401 | D:4      | Reached skill level 5 in Unarmed Combat
   401 | D:4      | Reached XP level 4. HP: 44/44 MP: 4/4
   403 | Ossuary  | Entered an ossuary
   469 | Ossuary  | Reached XP level 5. HP: 50/50 MP: 5/5
   497 | Ossuary  | Reached skill level 6 in Unarmed Combat
   613 | D:4      | Reached XP level 6. HP: 59/59 MP: 6/6
   625 | D:4      | Reached skill level 7 in Unarmed Combat
   656 | D:4      | Reached skill level 8 in Unarmed Combat
   656 | D:4      | Reached XP level 7. HP: 66/66 MP: 7/7
   689 | D:5      | Entered Level 5 of the Dungeon
   756 | D:5      | Reached skill level 1 in Dodging
   867 | D:5      | Found a white marble altar of Elyvilon.
   890 | D:5      | Found an opulent altar of Gozag.
   937 | D:4      | Noticed Sigmund
   953 | D:4      | Killed Sigmund
  1113 | D:5      | Learned a level 1 spell: Apportation
  1116 | D:5      | Learned a level 2 spell: Passwall
  1119 | D:5      | Learned a level 2 spell: Scorch
  1151 | D:6      | Reached skill level 1 in Evocations
  1151 | D:6      | Reached XP level 8. HP: 65/78 MP: 3/8
  1181 | D:6      | Identified the +1 plate armour of Grace {*Corrode +Blink
                  | rN+++ Regen+}
  1371 | D:7      | Reached skill level 1 in Stealth
  1659 | D:6      | Reached skill level 1 in Earth Magic
  1659 | D:6      | Reached skill level 1 in Transmutations
  1706 | D:7      | Found a staircase to the Ecumenical Temple.
  1769 | D:8      | Noticed a lindwurm
  1980 | D:8      | Reached XP level 9. HP: 79/84 MP: 9/9
  2004 | D:7      | Noticed Maggie
  2017 | D:7      | Killed Maggie
  2018 | D:7      | Reached skill level 9 in Unarmed Combat
  2091 | D:8      | Reached skill level 1 in Translocations
  2128 | D:8      | You fall into a shaft and drop 2 floors!
  2128 | D:10     | Entered Level 10 of the Dungeon
  2168 | D:10     | Killed an unseen horror
  2235 | D:11     | Noticed a two-headed ogre
  2239 | D:11     | Noticed a cyclops
  2240 | D:11     | Killed a two-headed ogre
  2241 | D:11     | Reached skill level 10 in Unarmed Combat
  2241 | D:11     | Noticed a centaur warrior
  2248 | D:11     | Killed a cyclops
  2250 | D:11     | Reached XP level 10. HP: 62/92 MP: 10/10
  2255 | D:11     | Noticed a four-headed hydra
  2264 | D:11     | Killed a centaur warrior
  2265 | D:11     | Reached skill level 11 in Unarmed Combat
  2269 | D:11     | Noticed an eight-headed hydra
  2279 | D:10     | Found a staircase to the Orcish Mines.
  2288 | D:10     | Noticed a two-headed ogre
  2291 | D:10     | Noticed a two-headed ogre
  2293 | D:10     | Noticed Joseph
  2294 | D:10     | Killed a two-headed ogre
  2295 | D:10     | Reached skill level 12 in Unarmed Combat
  2320 | D:10     | Killed a two-headed ogre
  2325 | D:10     | Killed Joseph
  2329 | Orc:1    | Entered Level 1 of the Orcish Mines
  2333 | Orc:1    | Reached skill level 5 in Fighting
  2407 | Orc:1    | Noticed a cyclops
  2419 | Orc:1    | Killed a cyclops
  2598 | Orc:2    | Entered Level 2 of the Orcish Mines
  2721 | Orc:2    | Noticed a two-headed ogre
  2752 | Orc:2    | Reached XP level 11. HP: 89/109 MP: 11/11
  2760 | Orc:2    | Killed a two-headed ogre
  2846 | Orc:1    | Found a frozen archway.
  2874 | IceCv    | Entered an ice cave
  2958 | IceCv    | Noticed a white ugly thing
  2970 | IceCv    | Killed a white ugly thing
  3106 | Orc:2    | Noticed a two-headed ogre
  3117 | Orc:2    | Killed a two-headed ogre
  3136 | Orc:2    | Noticed Maurice
  3169 | Orc:2    | Killed Maurice
  3269 | Orc:1    | Noticed an orc sorcerer
  3298 | Orc:2    | Noticed an orc high priest
  3306 | Orc:2    | Killed an orc high priest
  3336 | Orc:2    | Found Fefovu's Antique Weapon Boutique.
  3336 | Orc:2    | Noticed an orc knight
  3340 | Orc:2    | Reached skill level 5 in Throwing
  3345 | Orc:2    | Killed an orc knight
  3356 | Orc:2    | Found Felehetu's Magic Scroll Shop.
  3356 | Orc:2    | Noticed an orc knight
  3356 | Orc:2    | Noticed a two-headed ogre
  3356 | Orc:2    | Noticed an orc sorcerer
  3363 | Orc:2    | Killed an orc sorcerer
  3366 | Orc:2    | Killed an orc knight
  3555 | Orc:1    | Paralysed by an orc sorcerer for 3 turns
  3559 | Orc:1    | Killed an orc sorcerer
  3560 | Orc:1    | Noticed an orc sorcerer
  3572 | Orc:1    | Noticed a soul eater
  3572 | Orc:1    | Killed an orc sorcerer
  3754 | Orc:2    | Bought a scroll of acquirement for 832 gold pieces
  3754 | Orc:2    | Acquired the ring of Datel {Will+ AC+4 Str+2}
  3794 | Orc:2    | Noticed an orc knight
  3794 | Orc:2    | Noticed an orc sorcerer
  3802 | Orc:2    | Noticed a sixfirhy
  3805 | Orc:2    | Killed an orc knight
  3806 | Orc:2    | Reached XP level 12. HP: 116/126 MP: 12/12
  3808 | Orc:2    | Reached skill level 10 in Fighting
  4098 | Orc:2    | Noticed an orc warlord
  4148 | Orc:2    | Killed an orc warlord
  4180 | Orc:2    | Noticed an orc high priest
  4206 | Orc:2    | Gained mutation: You occasionally shout uncontrollably at
                  | your foes. [a neqoxec]
  4333 | Orc:2    | Killed an orc high priest
  4349 | Orc:2    | Noticed an orc high priest
  4350 | Orc:2    | Found Izxa's Jewellery Emporium.
  4376 | Orc:2    | Killed an orc high priest
  4476 | Orc:2    | Noticed an orc high priest
  4604 | Orc:2    | Noticed an orc high priest
  4620 | Orc:2    | Killed an orc high priest
  4671 | Orc:2    | Found Janerr's Assorted Antiques.
  4685 | Orc:2    | Killed an orc high priest
  4688 | Orc:2    | Bought a viscous purple potion for 30 gold pieces
  4787 | Orc:2    | Noticed a two-headed ogre
  4799 | Orc:2    | Killed a two-headed ogre
  5110 | D:11     | Noticed Psyche
  5123 | D:11     | Killed Psyche
  5224 | D:11     | Identified the +5 halberd of Xeaxt {vorpal, rF++}
  5720 | D:9      | Found an ancient bone altar of Kikubaaqudgha.
  5754 | D:9      | You fall into a shaft and drop 3 floors!
  5833 | D:11     | Reached XP level 13. HP: 136/140 MP: 13/13
  6238 | D:9      | Found a shadowy altar of Dithmenos.
  6315 | D:9      | Found a staircase to the Lair.
  6315 | D:9      | Noticed Grum
  6338 | D:9      | Killed Grum
  6350 | Lair:1   | Entered Level 1 of the Lair of Beasts
  6564 | Lair:2   | Found a gate leading to a gauntlet.
  6573 | Gauntlet | Entered a Gauntlet
  6573 | Gauntlet | Found a transporter.
  6573 | Gauntlet | Found a transporter.
  6577 | Gauntlet | Found a transporter.
  6578 | Gauntlet | Found a transporter.
  6609 | Gauntlet | Found a transporter.
  6611 | Gauntlet | Found a transporter.
  6611 | Gauntlet | Found a transporter.
  6612 | Gauntlet | Found a transporter.
  6623 | Gauntlet | Found a transporter.
  6639 | Gauntlet | Found a transporter.
  6649 | Gauntlet | Found a transporter.
  6663 | Gauntlet | Found a transporter.
  6683 | Gauntlet | Found a transporter.
  6695 | Gauntlet | Found a transporter.
  6785 | Gauntlet | Reached skill level 10 in Throwing
  6835 | Gauntlet | Identified the ring "Ogymoq" {EV+4 Str+3}
  6898 | Gauntlet | Noticed a minotaur
  6909 | Gauntlet | Killed a minotaur
  6985 | Lair:2   | Identified the amulet "Nadwix Kuqa" {Regen+ Stlth+} (You
                  | found it on level 2 of the Lair of Beasts)
  7013 | Lair:3   | Reached skill level 1 in Armour
  7332 | Lair:5   | Entered Level 5 of the Lair of Beasts
  7380 | Lair:4   | Reached skill level 5 in Armour
  7467 | Lair:4   | Reached skill level 5 in Evocations
  7652 | Lair:5   | Reached XP level 14. HP: 149/149 MP: 14/14
  7811 | Lair:5   | Reached skill level 13 in Unarmed Combat
  7898 | Lair:5   | Found a staircase to the Slime Pits.
  7910 | Slime:1  | Entered Level 1 of the Pits of Slime
  7910 | Slime:1  | Noticed a rockslime
  8010 | Lair:3   | Noticed Sonja
  8017 | Lair:3   | Killed Sonja
  8153 | D:9      | Found an iron altar of Okawaru.
  8161 | D:9      | Fell from the grace of Ignis
  8161 | D:9      | Became a worshipper of Warmaster Okawaru
  8263 | Lair:2   | Found a hole to the Spider Nest.
  8292 | Lair:2   | Reached skill level 14 in Unarmed Combat
  8312 | Lair:2   | Reached * piety under Okawaru
  8436 | Lair:2   | Found a staircase to the Swamp.
  8447 | Swamp:1  | Entered Level 1 of the Swamp
  8455 | Swamp:1  | Noticed a thorn hunter
  8537 | Swamp:1  | Killed from afar by a thorn hunter

Illustrated notes

Levels and vault maps discovered:
D:1:      tarquinn_simple_flora_water_b, layout_loops_corners
D:2:      layout_basic, serial_shops, nicolae_shop_hallway_stairs,
          minmay_close_crescents, uniq_crazy_yiuf_cottage
D:3:      layout_basic, mainiacjoe_overflow_brackets, serial_shops,
          shop_fountains, uniq_terence
D:4:      layout_loops_corners, nicolae_ru_awakened_eye,
          nicolae_uskayaw_murder_on_the_dancefloor,
          nicolae_ossuary_entry_catacombs, uniq_sigmund, uniq_edmund
D:5:      layout_cave_pools, mainiacjoe_overflow_surrounded_room,
          nicolae_gozag_cash_rules_everything_around_me,
          serial_co_window_serial, co_window_paths_a, co_window_paths_b,
          co_window_of_opportunity_a, co_window_corner_a, co_window_paths_b,
          co_window_unsneaky_path_c, co_window_unsneaky_path_b,
          co_window_broadway_a, co_window_paths_e, glass_columns_b,
          glass_columns_b, glass_columns_c, glass_columns_c, glass_columns_a
D:6:      layout_loops_ring, serial_demonic, serial_demonic_d, serial_demonic_g,
          serial_demonic_a, serial_demonic_c
D:7:      layout_gridville, lemuel_temple_firewalk_b, minmay_tree_intersection,
          uniq_maggie
D:8:      layout_loops_corners, mainiacjoe_overflow_boulevard,
          minmay_lindwurm_lava
D:9:      layout_grid_maze, general_overflow_altar, lemuel_crystal_altar,
          nemelex_diamond_rough_becter, lemuel_coloured_pillars_altar,
          lair_entry_dummy, uniq_amaemon, uniq_grum
D:10:     layout_cave_pools, orc_0_dummy, minmay_misc_feat_doors,
          grunt_ministairs_5, minmay_misc_feat_tower, abandoned_shop,
          uniq_joseph
D:11:     layout_basic, kb_rosetta, uniq_psyche
D:12:     layout_grid_maze
Lair:1:   layout_concentric_octagons, chequers_serial_rivers_micro_e
Lair:2:   layout_chaotic_city, minmay_swamp_entry_eels,
          spider_nest_entry_web_field, serial_bayou, serial_bayou_lake_a,
          serial_bayou_pond_b, serial_bayou_lagoon_b, serial_bayou_lagoon_a,
          gauntlet_entry_generic, serial_bayou_shore_b,
          infiniplex_staircase_pool
Lair:3:   layout_loops_ring, ebering_ghost_reflecting_pool, uniq_sonja
Lair:4:   layout_regular_city, infiniplex_staircase_pool_2
Lair:5:   evilmike_catoblepas_cave, layout_regular_city, slime_entry_1,
          grunt_megastairs_3, lemuel_fruit_fields, lemuel_fruit_fields
Swamp:1:  layout_basic_swamp, evilmike_swamp_ruin_rubble_1, swamp_pool5,
          lightli_tree_ring, uniq_jorgrun
Slime:1:  layout_caves
Orc:1:    layout_diamond_mine, portal_ice_cave_rime
Orc:2:    pubby_orc_utopia, serial_shops, uniq_maurice

Skill      XL: |  1  2  3  4  5  6  7  8  9 10 11 12 13 14 |
---------------+-------------------------------------------+-----
Unarmed Combat | 4 5 6 8 10 12 14 | 14.3
Dodging        | 3 4 |  4.0
Fighting       | 4 7 9 12 | 12.0
Evocations     | 1 3 4 5 6 |  6.0
Stealth        | 1 |  1.0
Earth Magic    | 2 |  2.0
Transmutations | 1 |  1.0
Translocations | 3 |  3.0
Throwing       | 6 8 10 | 10.0
Armour         | 6 |  6.0
Spellcasting   | |  1.0
Fire Magic     | |  2.1

Action                   |  1- 3 |  4- 6 |  7- 9 | 10-12 | 13-15 || total
-------------------------+-------+-------+-------+-------+-------++-------
Melee: Unarmed           |    28 |    75 |   191 |   619 |   501 ||  1414
       Punch             |       |     5 |     6 |    32 |    34 ||    77
Throw: Boomerang         |       |       |       |    39 |    46 ||    85
       Large rock        |       |       |       |     5 |    19 ||    24
       Javelin           |       |       |       |       |     2 ||     2
 Cast: Scorch            |       |       |     3 |       |       ||     3
       Passwall          |       |       |     4 |    11 |    13 ||    28
       Apportation       |       |       |     1 |    18 |    39 ||    58
Invok: Fiery Armour      |     1 |       |     2 |     4 |       ||     7
       Foxfire Swarm     |     1 |       |     1 |       |       ||     2
       Rising Flame      |       |       |       |     1 |       ||     1
Evoke: Wand              |       |       |     3 |    25 |     3 ||    31
       Condenser vane    |       |       |       |     1 |     2 ||     3
  Use: Scroll            |     2 |     1 |     4 |     2 |     7 ||    16
       Potion            |       |       |     4 |     4 |     3 ||    11
 Stab: Sleeping          |     1 |     7 |     2 |     6 |     1 ||    17
       Invisible         |       |       |     1 |     2 |       ||     3
       Distracted        |       |       |       |     1 |       ||     1
Armor: Robe              |     6 |    27 |    52 |    10 |       ||    95
       Steam dragon scal |       |       |    23 |    60 |       ||    83
       Troll leather arm |       |       |       |   199 |   156 ||   355
       Ice dragon scales |       |       |       |       |   180 ||   180
       Skin              |       |       |       |       |     4 ||     4
Dodge: Dodged            |     5 |    18 |    91 |   258 |   311 ||   683
